 Dungeon Crawl Stone Soup version 0.24-a0-486-ged8816983f (webtiles) character file.

Game seed: 17463597452111368389

408 mhoghedin the Conjurer (level 6, 0/30 HPs)
             Began as a Vine Stalker Conjurer on July 9, 2019.
             Slain by a worker ant (5 damage)
             ... on level 3 of the Dungeon.
             The game lasted 00:09:47 (3724 turns).

mhoghedin the Conjurer (Vine Stalker Conjurer)      Turns: 3724, Time: 00:09:48

Health: 0/30       AC:  2    Str:  8 (11) XL:     6   Next: 88%
Magic:  0/14       EV: 12    Int: 14 (17) God:
Gold:   141        SH:  0    Dex: 13 (14) Spells: 4/14 levels left

rFire    . . .     SeeInvis .   b - +0 club
rCold    . . .     Gourm    .   (no shield)
rNeg     . . .     Faith    .   a - +0 robe
rPois    .         Spirit   +   (no helmet)
rElec    +         Reflect  .   k - scarf {repulsion}
rCorr    .         Harm     .   (no gloves)
MR       .....                  (no boots)
Stlth    ++........             (no amulet)
HPRegen  0.50/turn              (no ring)
MPRegen  0.14/turn              (no ring)

@: lethally poisoned (0 -> 0), repel missiles
A: fangs 2, deterioration 2, regeneration 1, robust 1, electricity resistance,
magic shield, antimagic bite, no potion heal 3, rot immunity
a: no special abilities


You were on level 3 of the Dungeon.
You were hungry.

You visited 1 branch of the dungeon, and saw 4 of its levels.

You collected 141 gold pieces.

Inventory:

Hand Weapons
 b - a +0 club (weapon)
   (You took it off a goblin on level 1 of the Dungeon)
 f - a +0 club
   (You took it off a hobgoblin on level 1 of the Dungeon)
 i - a +0 giant club
   (You took it off an ogre on level 4 of the Dungeon)
Armour
 a - a +0 robe (worn)
 e - a +0 pair of boots
   (You found it on level 1 of the Dungeon)
 k - a scarf of repulsion (worn)
   (You found it on level 3 of the Dungeon)
Scrolls
 d - a scroll of magic mapping {!r}
 h - 7 scrolls of identify
 j - a scroll of remove curse
Comestibles
 c - 2 rations
 g - 3 chunks of flesh {@w0}


   Skills:
 - Level 1.5 Dodging
 - Level 2.4 Stealth
 + Level 4.7 Spellcasting
 + Level 5.8 Conjurations
 + Level 2.9 Hexes


You had 4 spell levels left.
You knew the following spells:

 Your Spells              Type           Power        Failure   Level  Hunger
a - Magic Dart            Conj           ###.         1%          1    None
b - Searing Ray           Conj           ###...       2%          2    ##.....
c - Dazzling Spray        Conj/Hex       ###...       9%          3    ###....
d - Fulminant Prism       Conj/Hex       ###.......   28%         4    ####...

Your spell library contained the following spells:

 Spells                   Type           Power        Failure   Level  Hunger
 Iskenderun's Mystic Bla  Conj           ###.....     16%         4    ####...
 Force Lance              Conj/Tloc      ##......     47%         4    ####...


Dungeon Overview and Level Annotations

Branches:
Dungeon (4/15)
 Temple: D:4-7

Altars:
Dithmenos
Gozag

Annotations:
D:4 Dowan, Duvessa


Innate Abilities, Weirdness & Mutations

You have extremely sharp teeth.
Your natural rate of healing is unusually fast.
When hurt, damage is shared between your health and your magic reserves.
Your bite disrupts and absorbs the magic of your enemies.
Potions cannot restore your health.
You are immune to rotting.
Your body often deteriorates upon taking damage.
You are robust. (+10% HP)
You are resistant to electric shocks. (rElec)


Message History

The jackal closely misses you. The jackal barely misses you.
The jackal bites you but does no damage.
You see here a +0 leather armour.
The jackal bites you.
You see here a +0 chain mail.
The jackal barely misses you.
Okay, then.
Unknown command.
The jackal bites you but does no damage.
There is an open door here.
The jackal misses you. The jackal bites you. The jackal barely misses you.
The jackal barely misses you.
There is a stone staircase leading down here.
The jackal bites you but does no damage.
Aim: a jackal The searing ray hits the jackal. (Press . to maintain the ray.)
The jackal barely misses you.
You now have 5/14 mp.
The searing ray hits the jackal but does no damage.
The jackal misses you. The jackal bites you.
You take 1 damage, and have 26/30 hp.
You now have 4/14 mp.
The searing ray misses the jackal.
The searing ray misses the worker ant.
The jackal closely misses you.
You now have 3/14 mp.
The searing ray hits the jackal!
You kill the jackal!
The searing ray hits the worker ant.
You finish channeling your searing ray.
The worker ant barely misses you.
You now have 2/14 mp.
The worker ant misses you.
Health restored: 30 You see here a +0 leather armour.
You see here a +0 chain mail.
There is a stone staircase leading down here.
The worker ant bites you but does no damage.
You see here a +0 club.
The worker ant bites you!
Your body deteriorates!
You feel dopey.
There is an open door here.
You take 7 damage, and have 23/30 hp.
MASSIVE DAMAGE!!
The worker ant bites you.
You take 2 damage, and have 21/30 hp.
The worker ant misses you.
Unknown command.
There is a stone staircase leading down here.
The worker ant bites you.
You take 2 damage, and have 23/30 hp.
You now have 5/14 mp.
Aim: a worker ant (lightly wounded)
The searing ray hits the worker ant. (Press . to maintain the ray.)
The worker ant bites you.
You take 3 damage, and have 21/30 hp.
You now have 2/14 mp.
The searing ray hits the worker ant.
The worker ant completely misses you.
You now have 1/14 mp.
The searing ray hits the worker ant.
The worker ant closely misses you.
You now have 0/14 mp.
Unknown command.
The worker ant bites you.
You are poisoned.
The worker ant poisons you!
You take 5 damage, and have 17/30 hp.
Aim: a worker ant (severely wounded)
The magic dart hits the worker ant but does no damage.
You feel sick. The worker ant bites you.
Your body deteriorates!
You feel dopey.
You take 6 damage, and have 11/30 hp.
You now have 0/14 mp.
You feel sick.
You feel sick.
You take 1 damage, and have 10/30 hp.
The worker ant bites you.
* * * LOW HITPOINT WARNING * * *
Your body deteriorates!
You feel weakened.
You take 5 damage, and have 5/30 hp.
You feel sick.
You take 1 damage, and have 4/30 hp.
You feel sick.
You see here a +0 leather armour.
You see here a +0 chain mail.
You feel sick. The worker ant barely misses you.
You feel sick.
You take 1 damage, and have 4/30 hp.
You are feeling hungry.
There is an open door here.
You feel sick.
You take 1 damage, and have 4/30 hp.
The worker ant bites you.
* * * LOW HITPOINT WARNING * * *
You feel sick.
You aren't carrying any potions.
The worker ant bites you.
You die...

#.# #.# ###.# ###########
##########....
#.........####..........#.#
#.#######.#.......#######.# #.#
### #.#.##..[..# #.#
#.###.###.#.##....## #..
#.##.#....@a...#..# ####
#.....>...#.......# #... ####
#####.##########.## #... ...# #.#
##'## #... ##.# #.# ##...## ####
.#.# #.## ##.)...## ## .#.###
#..### ##.......## ##)
.....######.<..###.........####..
................[[>........'.....


You could see a worker ant.

Vanquished Creatures
  Sigmund (D:2)
  An ogre (D:4)
  An orc priest (D:2)
  4 adders
  An ooze (D:4)
  4 worms (D:2)
  A dart slug (D:3)
  3 leopard geckos
  8 orcs
  9 bats
  5 giant cockroaches
  11 goblins
  5 hobgoblins
  2 jackals (D:3)
  5 kobolds
  2 ball pythons
  6 frilled lizards
  10 rats
79 creatures vanquished.

Notes
Turn   | Place    | Note
-------+----------+-------------------------------------------
     0 | D:1      | mhoghedin the Vine Stalker Conjurer began the quest for the
                  | Orb.
     0 | D:1      | Reached XP level 1. HP: 9/9 MP: 4/4
   203 | D:1      | Reached XP level 2. HP: 13/13 MP: 1/6
   254 | D:1      | Learned a level 2 spell: Searing Ray
   768 | D:1      | Reached XP level 3. HP: 16/16 MP: 5/8
   991 | D:2      | Learned a level 3 spell: Dazzling Spray
  1004 | D:2      | Reached skill level 3 in Spellcasting
  1036 | D:2      | Found an opulent altar of Gozag.
  1332 | D:2      | Noticed Sigmund
  1345 | D:2      | Gained mutation: You are robust. (+10% HP) [potion of
                  | mutation]
  1345 | D:2      | Gained mutation: Your body sometimes deteriorates upon
                  | taking damage. [potion of mutation]
  1345 | D:2      | Gained mutation: Your body often deteriorates upon taking
                  | damage. [potion of mutation]
  1345 | D:2      | Gained mutation: You are resistant to electric shocks.
                  | (rElec) [potion of mutation]
  1737 | D:3      | Gained mutation: Your natural rate of healing is unusually
                  | fast. [Vine Stalker growth]
  1737 | D:3      | Reached XP level 4. HP: 23/23 MP: 5/10
  2165 | D:2      | HP: 5/23 [orc priest/nerve-wracking pain (14)]
  2300 | D:1      | Learned a level 4 spell: Fulminant Prism
  2377 | D:2      | Reached skill level 5 in Conjurations
  2385 | D:2      | Reached skill level 1 in Hexes
  2554 | D:2      | Reached XP level 5. HP: 26/26 MP: 6/11
  3101 | D:2      | Killed Sigmund
  3101 | D:2      | Reached skill level 4 in Spellcasting
  3101 | D:2      | Reached skill level 2 in Hexes
  3101 | D:2      | Reached XP level 6. HP: 24/30 MP: 3/13
  3366 | D:4      | Found a shadowy altar of Dithmenos.
  3600 | D:4      | Noticed Duvessa
  3610 | D:4      | Noticed Dowan
  3622 | D:4      | HP: 6/30 [worker ant (5)]
  3709 | D:3      | HP: 5/30 [worker ant (6)]
  3716 | D:3      | HP: 4/30 [poisoned by a worker ant]
  3721 | D:3      | HP: 4/30 [poisoned by a worker ant]
  3724 | D:3      | Slain by a worker ant

Levels and vault maps discovered:
D:1:      tarquinn_simple_flora_water_d, layout_loops_ring, skrybe_limestone_x
D:2:      layout_basic, grunt_gozag_statues, uniq_sigmund
D:3:      layout_loops_corners, first_ration
D:4:      layout_loops_ring, grunt_ministairs_10, minmay_misc_feat_alley,
          nicolae_dithmenos_the_darkroom, uniq_duvessa

Skill      XL: |  1  2  3  4  5 |
---------------+----------------+-----
Spellcasting   | 3 4 |  4.7
Conjurations   | 5 |  5.8
Hexes          | 1 2 |  2.9
Dodging        | |  1.5
Stealth        | |  2.4

Action                   |  1- 3 |  4- 6 || total
-------------------------+-------+-------++-------
Melee: Club              |       |    17 ||    17
       Bite              |       |     4 ||     4
 Cast: Magic Dart        |    65 |    54 ||   119
       Searing Ray       |     2 |    17 ||    19
       Dazzling Spray    |       |     4 ||     4
  Use: Scroll            |     1 |     4 ||     5
       Potion            |     3 |       ||     3
  Eat: Chunk             |     2 |     4 ||     6
       Ration            |       |     1 ||     1
Armor: Robe              |     2 |    13 ||    15
Dodge: Dodged            |     2 |    80 ||    82

Table legend:
 A = Non-vault XP
 B = Vault XP
 C = Vault XP percentage of total XP
 D = Non-vault monster count
 E = Vault monster count
 F = Vault count percentage of total count
                 A         B        C        D         E       F
            +---------+---------+-------+---------+---------+-------
      Total |     361 |     223 |  38.2 |      78 |       1 |   1.3
            +---------+---------+-------+---------+---------+-------
        D:1 |      35 |       0 |   0.0 |      22 |       0 |   0.0
        D:2 |     133 |     223 |  62.6 |      28 |       1 |   3.4
        D:3 |      41 |       0 |   0.0 |      20 |       0 |   0.0
        D:4 |     152 |       0 |   0.0 |       8 |       0 |   0.0
            +---------+---------+-------+---------+---------+-------

Levels and vault maps discovered:
D:1:      tarquinn_simple_flora_water_d, layout_loops_ring, skrybe_limestone_x
D:2:      layout_basic, grunt_gozag_statues, uniq_sigmund
D:3:      layout_loops_corners, first_ration
D:4:      layout_loops_ring, grunt_ministairs_10, minmay_misc_feat_alley,
          nicolae_dithmenos_the_darkroom, uniq_duvessa

Table legend:
 A = Turns spent in this place as a percentage of turns spent in the entire game.
 B = Non-inter-level travel turns spent in this place as a percentage of non-inter-level travel turns spent in the entire game.
 C = Inter-level travel turns spent in this place as a percentage of turns spent in this place.
 D = Turns resting spent in this place as a percentage of non-inter-level travel turns spent in this place.
 E = Turns spent auto-exploring this place as a percentage of non-inter-level travel turns spent in this place.
 F = Non-inter-level travel turns spent in this place divided by the number of levels of this place that you've seen.
                   A       B       C       D       E      F
               +-------+-------+-------+-------+-------+----------------------
         Total | 100.0 | 100.0 |   2.5 |  35.0 |  46.0 | 907.8
       Dungeon | 100.0 | 100.0 |   2.5 |  35.0 |  46.0 | 907.8
               +-------+-------+-------+-------+-------+----------------------

Table legend:
 A = Kills in this place as a percentage of kills in entire the game.
 B = Kills by you in this place as a percentage of kills by you in the entire game.
 C = Kills by friends in this place as a percentage of kills by friends in the entire game.
 D = Other kills in this place as a percentage of other kills in the entire game.
 E = Experience gained in this place as a percentage of experience gained in the entire game.
 F = Experience gained in this place divided by the number of levels of this place that you have seen.
                   A       B       C       D       E      F
               +-------+-------+-------+-------+-------+----------------------
         Total | 100.0 | 100.0 |   N/A |   N/A | 100.0 | 146.0
       Dungeon | 100.0 | 100.0 |   N/A |   N/A | 100.0 | 146.0
               +-------+-------+-------+-------+-------+----------------------
